BSA
CHICAGO MACHINE @ KANSAS CITY KINGS
09/18/2028
 
TOP OF THE 1ST
Chicago Machine batting - Pitching for Kansas City Kings : LHP Francisco Morales
Pitching: LHP Francisco Morales
Batting: RHB Nick Harris 0-0: Ground out 5-3 (Groundball, 56)
Batting: LHB Keng-chi Lao 0-0: Ball
1-0: Called Strike
1-1: Foul Ball, location: 2F
1-2: Ball
2-2: Foul Ball, location: 2F
2-2: Foul Ball, location: 2F
2-2: Foul Ball, location: 2F
2-2: Fly out, F6 (Popup, 5D)
Batting: RHB Doug Stephens 0-0: Foul Ball, location: 2F
0-1: Ball
1-1: Fly out, F3 (Popup, 34)
Top of the 1st over - 0 run(s), 0 hit(s), 0 error(s), 0 left on base; Chicago 0 - Kansas City 0
BOTTOM OF THE 1ST
Kansas City Kings batting - Pitching for Chicago Machine : RHP Ron Crawford
Pitching: RHP Ron Crawford
Batting: RHB Chris Chandler 0-0: Ball
1-0: Foul Ball, location: 2F
1-1: SOLO HOME RUN (Line Drive, 78XD), Distance : 405 ft
Batting: SHB Douglas Taylor 0-0: Foul Ball, location: 2F
0-1: Ball
1-1: Ball
2-1: Ball
3-1: SOLO HOME RUN (Flyball, 9LD), Distance : 358 ft
Batting: RHB Toshimichi Kono 0-0: Ball
1-0: Ground out 5-3 (Groundball, 56S)
Batting: LHB Ron Crawford 0-0: Ball
1-0: Foul Ball, location: 2F
1-1: Called Strike
1-2: Strikes out swinging
Batting: SHB António De La Cruz 0-0: Fly out, F8 (Flyball, 8RM)
Bottom of the 1st over - 2 run(s), 2 hit(s), 0 error(s), 0 left on base; Chicago 0 - Kansas City 2
TOP OF THE 2ND
Chicago Machine batting - Pitching for Kansas City Kings : LHP Francisco Morales
Batting: RHB Will Lott 0-0: Called Strike
0-1: Swinging Strike
0-2: Strikes out swinging
Batting: SHB Clint Woods 0-0: Foul Ball, location: 2F
0-1: Swinging Strike
0-2: Foul Ball, location: 2F
0-2: Ball
1-2: Ball
2-2: Strikes out swinging
Batting: LHB Fernando Ortíz 0-0: SINGLE (Line Drive, 9S)
Batting: LHB Bernardo Montés 0-0: Foul Ball, location: 2F
0-1: Ball
1-1: Swinging Strike
1-2: Fly out, F4 (Popup, 3)
Top of the 2nd over - 0 run(s), 1 hit(s), 0 error(s), 1 left on base; Chicago 0 - Kansas City 2
BOTTOM OF THE 2ND
Kansas City Kings batting - Pitching for Chicago Machine : RHP Ron Crawford
Batting: RHB Dave Parker 0-0: Ball
1-0: Ball
2-0: Called Strike
2-1: Foul Ball, location: 2F
2-2: Foul Ball, location: 2F
2-2: Foul Ball, location: 2F
2-2: Foul Ball, location: 2F
2-2: Foul Ball, location: 2F
2-2: Foul Ball, location: 2F
2-2: Ball
3-2: Strikes out looking
Batting: LHB Brian Boone 0-0: Called Strike
0-1: Fly out, F9 (Line Drive, 9)
Batting: LHB Luis González 0-0: Fly out, F9 (Line Drive, 9D)
Bottom of the 2nd over - 0 run(s), 0 hit(s), 0 error(s), 0 left on base; Chicago 0 - Kansas City 2
TOP OF THE 3RD
Chicago Machine batting - Pitching for Kansas City Kings : LHP Francisco Morales
Batting: RHB Gonzalo Gil 0-0: Called Strike
0-1: Fly out, F7 (Flyball, 7S)
Batting: SHB Joaquín López 0-0: Ball
1-0: Called Strike
1-1: Ball
2-1: Fly out, F5 (Popup, 56)
Batting: RHB Nick Harris 0-0: Called Strike
0-1: Called Strike
0-2: Strikes out swinging
Top of the 3rd over - 0 run(s), 0 hit(s), 0 error(s), 0 left on base; Chicago 0 - Kansas City 2
BOTTOM OF THE 3RD
Kansas City Kings batting - Pitching for Chicago Machine : RHP Ron Crawford
Batting: RHB Oliver Lugo 0-0: Ball
1-0: Fly out, F9 (Flyball, 9D)
Batting: RHB Chris Chandler 0-0: Ball
1-0: Called Strike
1-1: Ball
2-1: Swinging Strike
2-2: Strikes out swinging
Batting: SHB Douglas Taylor 0-0: Ball
1-0: Ball
2-0: Swinging Strike
2-1: SINGLE (Groundball, 3S) (infield hit)
Batting: RHB Toshimichi Kono 0-0: Ball
Douglas Taylor is caught stealing 2nd base
Bottom of the 3rd over - 0 run(s), 1 hit(s), 0 error(s), 0 left on base; Chicago 0 - Kansas City 2
TOP OF THE 4TH
Chicago Machine batting - Pitching for Kansas City Kings : LHP Francisco Morales
Batting: LHB Keng-chi Lao 0-0: Foul Ball, location: 2F
0-1: Ground out 4-3 (Groundball, 34)
Batting: RHB Doug Stephens 0-0: Ball
1-0: Foul Ball, location: 2F
1-1: Called Strike
1-2: Strikes out swinging
Batting: RHB Will Lott 0-0: Called Strike
0-1: Ball
1-1: Ball
2-1: Called Strike
2-2: Ball
3-2: Strikes out looking
Top of the 4th over - 0 run(s), 0 hit(s), 0 error(s), 0 left on base; Chicago 0 - Kansas City 2
BOTTOM OF THE 4TH
Kansas City Kings batting - Pitching for Chicago Machine : RHP Ron Crawford
Batting: RHB Toshimichi Kono 0-0: Foul Ball, location: 2F
0-1: Foul Ball, location: 2F
0-2: Foul Ball, location: 2F
0-2: SINGLE (Line Drive, 89S)
Batting: LHB Ron Crawford 0-0: Foul Ball, location: 2F
0-1: SINGLE (Flyball, 8LS)
Toshimichi Kono to second
Batting: SHB António De La Cruz 0-0: Ball
1-0: Ball
2-0: Called Strike
2-1: Foul Ball, location: 2F
2-2: DOUBLE (Line Drive, 9LD)
Toshimichi Kono scores
Ron Crawford to third
Batting: RHB Dave Parker 0-0: Called Strike
0-1: Ball
1-1: Ball
2-1: Fly out, F7 (Flyball, 78S)
Batting: LHB Brian Boone 0-0: Ball
1-0: Ground out 4-3 (Groundball, 34)
Ron Crawford scores
António De La Cruz to third
Batting: LHB Luis González 0-0: Ball
1-0: Ball
2-0: Ball
3-0: Called Strike
3-1: Base on Balls
Batting: RHB Oliver Lugo 0-0: Called Strike
0-1: Ball
1-1: Foul Ball, location: 2F
1-2: Fielders Choice at 2nd, 5-4 (Groundball, 5)
Bottom of the 4th over - 2 run(s), 3 hit(s), 0 error(s), 1 left on base; Chicago 0 - Kansas City 4
TOP OF THE 5TH
Chicago Machine batting - Pitching for Kansas City Kings : LHP Francisco Morales
Batting: SHB Clint Woods 0-0: Called Strike
0-1: Ball
1-1: Ball
2-1: Ball
3-1: Foul Ball, location: 2F
3-2: Strikes out swinging
Batting: LHB Fernando Ortíz 0-0: Ball
Error on foul ball, E7
1-1: Foul Ball, location: 2F
1-2: Strikes out swinging
Batting: LHB Bernardo Montés 0-0: Ball
1-0: Fly out, F5 (Line Drive, 56)
Top of the 5th over - 0 run(s), 0 hit(s), 1 error(s), 0 left on base; Chicago 0 - Kansas City 4
BOTTOM OF THE 5TH
Kansas City Kings batting - Pitching for Chicago Machine : RHP Ron Crawford
Batting: RHB Chris Chandler 0-0: SINGLE (Line Drive, 78M)
Batting: SHB Douglas Taylor 0-0: Called Strike
0-1: Ball
1-1: Ball
2-1: Foul Ball, location: 2F
2-2: Fly out, F8 (Flyball, 8LS)
Batting: RHB Toshimichi Kono 0-0: Called Strike
Chris Chandler steals 2nd base
0-1: Fly out, F9 (Flyball, 9S)
Batting: LHB Ron Crawford 0-0: Called Strike
0-1: Foul Ball, location: 2F
0-2: Strikes out looking
Bottom of the 5th over - 0 run(s), 1 hit(s), 0 error(s), 1 left on base; Chicago 0 - Kansas City 4
TOP OF THE 6TH
Chicago Machine batting - Pitching for Kansas City Kings : LHP Francisco Morales
Batting: RHB Gonzalo Gil 0-0: Swinging Strike
0-1: Ball
1-1: Ball
2-1: Foul Ball, location: 2F
2-2: Strikes out swinging
Batting: SHB Joaquín López 0-0: Ball
1-0: Ball
2-0: Fly out, F2 (Popup, 5S)
Batting: RHB Nick Harris 0-0: Ground out 4-3 (Groundball, 4)
Top of the 6th over - 0 run(s), 0 hit(s), 0 error(s), 0 left on base; Chicago 0 - Kansas City 4
BOTTOM OF THE 6TH
Kansas City Kings batting - Pitching for Chicago Machine : RHP Ron Crawford
Batting: SHB António De La Cruz 0-0: Ball
1-0: Ground out 5-3 (Groundball, 56S)
Batting: RHB Dave Parker 0-0: Ball
1-0: Ball
2-0: Called Strike
2-1: Foul Ball, location: 2F
2-2: Ball
3-2: Fly out, F8 (Flyball, 8RD)
Batting: LHB Brian Boone 0-0: Called Strike
0-1: Swinging Strike
0-2: Ball
1-2: Strikes out swinging
Bottom of the 6th over - 0 run(s), 0 hit(s), 0 error(s), 0 left on base; Chicago 0 - Kansas City 4
TOP OF THE 7TH
Chicago Machine batting - Pitching for Kansas City Kings : LHP Francisco Morales
Batting: LHB Keng-chi Lao 0-0: Ground out 4-3 (Groundball, 34)
Batting: RHB Doug Stephens 0-0: Ground out 5-3 (Groundball, 5)
Batting: RHB Will Lott 0-0: Ball
1-0: Called Strike
1-1: SINGLE (Flyball, 89S)
Batting: SHB Clint Woods 0-0: Fielders Choice at 2nd, 6-4 (Groundball, 6)
Top of the 7th over - 0 run(s), 1 hit(s), 0 error(s), 0 left on base; Chicago 0 - Kansas City 4
BOTTOM OF THE 7TH
Kansas City Kings batting - Pitching for Chicago Machine : RHP Ron Crawford
Batting: LHB Luis González 0-0: Called Strike
0-1: Ball
1-1: Ground out U3 (Groundball, 3L)
Batting: RHB Oliver Lugo 0-0: Swinging Strike
0-1: Swinging Strike
0-2: SOLO HOME RUN (Flyball, 78XD), Distance : 374 ft
Batting: RHB Chris Chandler 0-0: Called Strike
0-1: Swinging Strike
0-2: Ground out 4-3 (Groundball, 4)
Batting: SHB Douglas Taylor 0-0: Fly out, F3 (Popup, 3)
Bottom of the 7th over - 1 run(s), 1 hit(s), 0 error(s), 0 left on base; Chicago 0 - Kansas City 5
TOP OF THE 8TH
Chicago Machine batting - Pitching for Kansas City Kings : LHP Francisco Morales
Batting: LHB Fernando Ortíz 0-0: Ball
1-0: Swinging Strike
1-1: Ball
2-1: Swinging Strike
2-2: Fly out, F8 (Flyball, 78D)
Batting: LHB Bernardo Montés 0-0: Ball
1-0: Foul Ball, location: 2F
1-1: Foul Ball, location: 2F
1-2: Ball
2-2: Strikes out swinging
Batting: RHB Gonzalo Gil 0-0: Ground out 5-3 (Groundball, 56)
Top of the 8th over - 0 run(s), 0 hit(s), 0 error(s), 0 left on base; Chicago 0 - Kansas City 5
BOTTOM OF THE 8TH
Kansas City Kings batting - Pitching for Chicago Machine : RHP Ron Crawford
Batting: RHB Toshimichi Kono 0-0: Ground out 1-3 (Groundball, 13S)
Batting: LHB Ron Crawford 0-0: Ball
1-0: Called Strike
1-1: Swinging Strike
1-2: Foul Ball, location: 2F
1-2: Strikes out swinging
Batting: SHB António De La Cruz 0-0: Ball
1-0: Called Strike
1-1: Fly out, F8 (Flyball, 78M)
Bottom of the 8th over - 0 run(s), 0 hit(s), 0 error(s), 0 left on base; Chicago 0 - Kansas City 5
TOP OF THE 9TH
Chicago Machine batting - Pitching for Kansas City Kings : LHP Francisco Morales
Batting: SHB Joaquín López 0-0: Foul Ball, location: 2F
0-1: SINGLE (Groundball, 6MD)
Batting: RHB Nick Harris 0-0: Ball
1-0: Foul Ball, location: 2F
1-1: Called Strike
1-2: Ball
2-2: Foul Ball, location: 2F
2-2: Foul Ball, location: 2F
2-2: Foul Ball, location: 2F
2-2: Foul Ball, location: 2F
2-2: Ball
3-2: Ground out 5-3 (Groundball, 5S)
Joaquín López to second
Batting: LHB Keng-chi Lao 0-0: Ball
1-0: Fly out, F9 (Line Drive, 9LM)
Runner from 2nd tags up, SAFE at 3rd with throw
Batting: RHB Doug Stephens 0-0: Foul Ball, location: 2F
0-1: Foul Ball, location: 2F
0-2: Fly out, F9 (Flyball, 9D)
Top of the 9th over - 0 run(s), 1 hit(s), 0 error(s), 1 left on base; Chicago 0 - Kansas City 5
Tuesday, August 8th, 2017 - OOTP Baseball 17.12 Build 75